 Dungeon Crawl Stone Soup version 0.29-a0-451-gfbfa42419e (webtiles) character file.

Game seed: 8307413625272387191

5 jlumianski the Skirmisher (level 1, 0/18 HPs)
             Began as a Demonspawn Fighter on May 19, 2022.
             Slain by a quokka (3 damage)
             ... on level 1 of the Dungeon.
             The game lasted 00:00:45 (196 turns).

jlumianski the Skirmisher (Demonspawn Fighter)       Turns: 196, Time: 00:00:45

Health: 0/18       AC:  6    Str: 16    XL:     1   Next: 66%
Magic:  1/1        EV:  8    Int:  9    God:
Gold:   21         SH:  4    Dex: 12    Spells: 0/0 levels left

rFire   . . .      SeeInvis .   a - +0 war axe
rCold   . . .      Faith    .   c - +0 buckler
rNeg    . . .      Spirit   .   b - +0 scale mail
rPois   .          Reflect  .   (no helmet)
rElec   .          Harm     .   (no cloak)
rCorr   .          Rampage  .   (no gloves)
Will    .....                   (no boots)
Stlth   ..........              (no amulet)
HPRegen 0.06/turn               (no ring)
MPRegen 0.07/turn               (no ring)

@: no status effects
A: no striking features
a: no special abilities


You were on level 1 of the Dungeon.
You visited 1 branch of the dungeon, and saw 2 of its levels.

You collected 21 gold pieces.

Inventory:

Hand Weapons
 a - a +0 war axe (weapon)
Armour
 b - a +0 scale mail (worn)
 c - a +0 buckler (worn)
Potions
 d - a potion of might


   Skills:
 + Level 3.1 Fighting
 + Level 1.8 Axes
 + Level 2.7 Armour
 + Level 2.8 Shields


You couldn't memorise any spells.
You didn't know any spells.
Your spell library was empty.

Dungeon Overview and Level Annotations

Branches:
Dungeon (2/15)

Altars:


Message History

You hit the endoplasm but do no damage. The endoplasm freezes you.
You are frozen.
You slash the endoplasm!
You kill the endoplasm!
You see here a ball python corpse.
A quokka comes into view.
You barely miss the quokka.
The quokka bites you but does no damage.
The quokka barely misses you.
You closely miss the quokka. The quokka bites you.
You barely miss the quokka. You block the quokka's attack.
The quokka bites you.
You hit the quokka but do no damage.
The quokka bites you but does no damage.
The quokka completely misses you.
You barely miss the quokka. The quokka closely misses you.
The quokka bites you.
You barely miss the quokka.
The quokka bites you but does no damage.
You barely miss the quokka. You block the quokka's attack.
The quokka bites you but does no damage.
You closely miss the quokka. The quokka bites you.
The quokka bites you but does no damage.
You barely miss the quokka. The quokka barely misses you.
The quokka closely misses you.
You miss the quokka. The quokka bites you.
You hit the quokka.
The quokka is moderately wounded.
The quokka bites you but does no damage. x2
You closely miss the quokka. The quokka completely misses you.
You block the quokka's attack.
You barely miss the quokka. The quokka bites you.
* * * LOW HITPOINT WARNING * * *
The quokka barely misses you.
You closely miss the quokka. The quokka barely misses you. x2
You closely miss the quokka. The quokka bites you.
* * * LOW HITPOINT WARNING * * *
The quokka bites you.
You die...

#.#.#
#.#.#
#.#.#
#.#.#
#.#.#
###.#.#
##.....#
#....###
#.###@#
#. #r# #
#.#
#...##
##.# #.
#


You could see a quokka.

Vanquished Creatures
  An endoplasm (D:1)
  2 hobgoblins
  A ball python (D:1)
  A frilled lizard (D:1)
5 creatures vanquished.

Notes
Turn   | Place    | Note
-------+----------+-------------------------------------------
     0 | D:1      | jlumianski the Demonspawn Fighter began the quest for the
                  | Orb.
     0 | D:1      | Reached XP level 1. HP: 18/18 MP: 1/1
    90 | D:1      | Found a faded altar of an unknown god.
   196 | D:1      | Slain by a quokka

Illustrated notes

Levels and vault maps discovered:
D:1:      nagdon_arrival_double_spiral, layout_loops_ring,
          basic_ecumenical_altar
D:2:      layout_basic, uniq_crazy_yiuf_cottage, uniq_natasha

Action                   || total
-------------------------++-------
Melee: War axe           ||    31
Armor: Scale mail        ||    18
Dodge: Dodged            ||    22
Block: Buckler           ||     5

Table legend: (Time is in decaauts)
 A = Elapsed time spent in this place.
 B = Non-inter-level travel time spent in this place.
 C = Inter-level travel time spent in this place.
 D = Time resting spent in this place.
 E = Time spent auto-exploring this place.
 F = Levels seen in this place.
 G = Mean time per level.
                   A        B        C        D        E       F      G
               +--------+--------+--------+--------+--------+-----+--------+
         Total |    210 |    210 |      0 |      0 |    105 |   2 |  105.0 |
       Dungeon |    210 |    210 |      0 |      0 |    105 |   2 |  105.0 |
               +--------+--------+--------+--------+--------+-----+--------+

Top non-repeatable levels by time:
     D:1: 193 daAuts
     D:2: 16 daAuts
